 Dungeon Crawl Stone Soup version 0.29-a0-359-g541a27f54d (webtiles) character file.

Game seed: 13896119284329944556

49 zeratav the Shooter (level 3, -1/21 HPs)
             Began as a Tengu Hunter on Apr 27, 2022.
             Slain by Sigmund
             ... wielding a +1 vorpal scythe
              (3 damage)
             ... on level 2 of the Dungeon.
             The game lasted 00:01:55 (1537 turns).

zeratav the Shooter (Tengu Hunter)                  Turns: 1537, Time: 00:01:55

Health: -1/21      AC:  3    Str: 11    XL:     3   Next: 75%
Magic:  4/4        EV: 12    Int:  9    God:
Gold:   137        SH:  0    Dex: 19    Spells: 2/2 levels left

rFire   . . .      SeeInvis .   a - +1 shortbow {bow}
rCold   . . .      Faith    .   (shield currently unavailable)
rNeg    . . .      Spirit   .   b - +0 leather armour
rPois   .          Reflect  .   (helmet restricted)
rElec   .          Harm     .   (no cloak)
rCorr   .          Rampage  .   (no gloves)
Will    .....                   (boots unavailable)
Stlth   ++........              (no amulet)
HPRegen 0.07/turn               (no ring)
MPRegen 0.09/turn               (no ring)

@: no status effects
A: beak, talons 3
a: no special abilities


You were on level 2 of the Dungeon.
You visited 1 branch of the dungeon, and saw 2 of its levels.

You collected 137 gold pieces.


Innate Abilities, Weirdness & Mutations

You have a beak for a mouth.
You have claws for feet.


   Skills:
 - Level 2.0 Fighting
 + Level 5.8 Bows
 - Level 2.1 Dodging
 - Level 1.0 Stealth


You had 2 spell levels left.
You didn't know any spells.
Your spell library contained the following spells:

 Spells                   Type           Power      Damage    Failure   Level
 Pain                     Necr           0%         1d4       47%         1
 Agony                    Necr           0%         N/A       100%        5
 Excruciating Wounds      Necr           0%         N/A       100%        5

Inventory:

Hand Weapons
 a - a +1 shortbow (weapon) {bow}
Armour
 b - a +0 leather armour (worn)
 h - a +0 robe
   (You found it on level 1 of the Dungeon)
 i - a +0 ring mail
   (You found it on level 1 of the Dungeon)
 j - a +0 leather armour
   (You found it on level 1 of the Dungeon)
 k - a +0 ring mail
   (You found it on level 1 of the Dungeon)
 n - a +0 leather armour
   (You found it on level 1 of the Dungeon)
 o - a +0 ring mail
   (You found it on level 2 of the Dungeon)
 r - a +0 ring mail
   (You found it on level 2 of the Dungeon)
 u - a +0 plate armour
   (You found it on level 2 of the Dungeon)
Scrolls
 c - a scroll of immolation {!r!r}
 e - 4 scrolls of fog {unknown}
 g - 4 scrolls of teleportation {unknown}
 l - a scroll of fear {unknown}
 m - a scroll of magic mapping {unknown}
 p - 2 scrolls of identify {unknown}
 s - a scroll of enchant armour {unknown}
Potions
 d - a potion of attraction {unknown}
 f - a potion of berserk rage {unknown}
 q - a potion of flight {unknown}
 t - a potion of brilliance {unknown}

Dungeon Overview and Level Annotations

Branches:
Dungeon (2/15)

Altars:
Fedhas

Annotations:
D:2 Sigmund

# #.### #.##### #.# #. #####.#.#
#.....# ##.#########. ........#
#.....# #............ ......#.#
#.....# #..#####.....
#######.###.##### #..#.........
............#### #..#.###.....
######.#.......# #..#.###...#.
#...........##.######..#.##......
#.##............@@...............
#..#..(#.#.###.#.##.#..#.##.#####
#.<#...#.#.##.....#.#....##.#####
#...>............................
#..#...#.#.##.......#............
##.#...#.#........#.#...###.#####
##.....#.####.......#.........
####.#..............#.....#.#####
# #.#...####.......#............


You could see Sigmund.


Message History

Your line of fire to the adder is blocked by a withered plant.
Continue anyway?
Okay, then.
The adder moves out of view.
The adder hisses angrily.
You shoot an arrow. The arrow misses the adder.
The adder bites you.
HP[-1]
You take 1 damage, and now have 20/21 hp.
You shoot an arrow. The arrow hits the adder!
The adder barely misses you. The adder bites you but does no damage.
HP[+1]
Your hp is fully restored (21).
You shoot an arrow. The arrow hits the adder!
You kill the adder!
You now have 137 gold pieces (gained 14).
t - a fizzy clear potion A ball python comes into view.
You shoot an arrow. The arrow hits the ball python.
You shoot an arrow. The arrow hits the ball python.
You kill the ball python!
No target in view!
No target in view!
No target in view!
No target in view!
No target in view!
No target in view!
No target in view!
No target in view!
u - a +0 plate armour Sigmund the Dreaded comes into view.
He is wielding a +1 vorpal scythe.
Shoot: a) +1 shortbow {bow}
Press: ? - help, Q - select action Shift-Dir - straight line, f - Sigmund
Aim: Sigmund, wielding a +1 vorpal scythe and wearing a +0 robe (asleep, 98% to hit)
You shoot an arrow. The arrow hits Sigmund.
Sigmund shouts!
Sigmund casts a spell at you. The puff of flame hits you.
Shoot: a) +1 shortbow {bow}
Press: ? - help, Q - select action Shift-Dir - straight line, f/p - Sigmund
Aim: Sigmund, wielding a +1 vorpal scythe and wearing a +0 robe (lightly wounded, 62% to hit)
You shoot an arrow. The arrow barely misses Sigmund.
Sigmund says, "I'm your fate." Sigmund gestures at you while chanting.
You resist with significant effort.
Shoot: a) +1 shortbow {bow}
Press: ? - help, Q - select action Shift-Dir - straight line, f/p - Sigmund
Aim: Sigmund, wielding a +1 vorpal scythe and wearing a +0 robe (lightly wounded, 62% to hit)
You shoot an arrow. The arrow hits Sigmund.
Shoot: a) +1 shortbow {bow}
Press: ? - help, Q - select action Shift-Dir - straight line, f/p - Sigmund
Aim: Sigmund, wielding a +1 vorpal scythe and wearing a +0 robe (moderately wounded, 62% to hit)
You shoot an arrow. The arrow hits Sigmund!
Shoot: a) +1 shortbow {bow}
Press: ? - help, Q - select action Shift-Dir - straight line, f/p - Sigmund
Aim: Sigmund, wielding a +1 vorpal scythe and wearing a +0 robe (heavily wounded, 62% to hit)
You shoot an arrow. The arrow closely misses Sigmund.
Sigmund points at you and mumbles some strange words.
You are confused.
Non-targeted confused shoot: a) +1 shortbow {bow}
Press: ? - help, Q - select action Dir - look around, f - activate
Okay, then.
HP[-3]
You take 3 damage, and now have 18/21 hp.
Okay, then.
You bump into the rock wall.
You bump into the rock wall.
HP[+1]
You bump into the rock wall.
Sigmund mumbles some strange words.
Sigmund flickers and vanishes!
Deactivating autopickup; reactivate with Ctrl-A.
You feel less confused.
HP[+1]
A magic dart appears from out of thin air!
The magic dart hits you.
HP[-6]
You take 6 damage, and now have 14/21 hp.
MASSIVE DAMAGE!! (PAUSE) HP[+1]
A magic dart appears from out of thin air!
The magic dart hits you.
* * * LOW HITPOINT WARNING * * *
HP[-6]
You take 6 damage, and now have 9/21 hp.
MASSIVE DAMAGE!! (PAUSE)
You are confused.
You're too confused to move!
You bump into the rock wall.
Sigmund appears from thin air!
Reactivating autopickup.
You bump into the rock wall.
You feel less confused. Sigmund gestures at you while chanting.
You are confused.
You bump into the rock wall.
HP[+1]
You bump into the rock wall.
Sigmund closely misses you.
You feel less confused.
Sigmund hits you with a +1 vorpal scythe!
* * * LOW HITPOINT WARNING * * *
You die...

Skill      XL: |  1  2 |
---------------+-------+-----
Bows           | 5 |  5.8
Fighting       | |  2.0
Dodging        | |  2.1
Stealth        | |  1.0

Action                   || total
-------------------------++-------
 Fire: Shortbow          ||    67
Armor: Leather armour    ||    11
Dodge: Dodged            ||     9

Levels and vault maps discovered:
D:1:      ldierk_water_garden, layout_loops_ring,
          shapermc_ecumenical_altar_hornbeckon
D:2:      layout_basic, basic_altar, serial_undead, serial_undead_b,
          serial_undead_b, serial_undead_e, serial_undead_e,
          chequers_serial_rivers_room_a, uniq_sigmund

Notes
Turn   | Place    | Note
-------+----------+-------------------------------------------
     0 | D:1      | zeratav the Tengu Hunter began the quest for the Orb.
     0 | D:1      | Reached XP level 1. HP: 12/12 MP: 2/2
     0 | D:1      | magus.rc [v1.9.6]
   192 | D:1      | Reached XP level 2. HP: 17/17 MP: 3/3
   224 | D:1      | Reached skill level 5 in Bows
   712 | D:1      | Reached XP level 3. HP: 19/21 MP: 4/4
   851 | D:1      | Found a faded altar of an unknown god.
  1028 | D:2      | Found a blossoming altar of Fedhas.
  1116 | D:2      | You pick up a book of Pain and begin reading...
  1116 | D:2      | You add the spells Pain, Agony and Excruciating Wounds to
                  | your library.
  1481 | D:2      | Noticed Sigmund
  1537 | D:2      | HP: 2/21 [Sigmund/+1 vorpal scythe (8)]
  1537 | D:2      | Slain by Sigmund

Vanquished Creatures
  2 adders (D:2)
  2 dart slugs (D:1)
  An endoplasm (D:1)
  2 giant cockroaches (D:1)
  2 hobgoblins (D:1)
  7 jackals (D:1)
  2 kobolds (D:1)
  4 ball pythons
  A bat (D:1)
  A rat (D:1)
24 creatures vanquished.

Vanquished Creatures (others)
  4 toadstools (D:1)
4 creatures vanquished.

Grand Total: 28 creatures vanquished

Table legend:
 A = Non-vault XP
 B = Vault XP
 C = Vault XP percentage of total XP
 D = Non-vault monster count
 E = Vault monster count
 F = Vault count percentage of total count
                 A         B        C        D         E       F
            +---------+---------+-------+---------+---------+-------
      Total |      70 |       0 |   0.0 |      24 |       0 |   0.0
            +---------+---------+-------+---------+---------+-------
        D:1 |      41 |       0 |   0.0 |      20 |       0 |   0.0
        D:2 |      29 |       0 |   0.0 |       4 |       0 |   0.0
            +---------+---------+-------+---------+---------+-------

Illustrated notes

Table legend:
 A = Kills in this place as a percentage of kills in entire the game.
 B = Kills by you in this place as a percentage of kills by you in the entire game.
 C = Kills by friends in this place as a percentage of kills by friends in the entire game.
 D = Other kills in this place as a percentage of other kills in the entire game.
 E = Experience gained in this place as a percentage of experience gained in the entire game.
 F = Experience gained in this place divided by the number of levels of this place that you have seen.
                   A       B       C       D       E      F
               +-------+-------+-------+-------+-------+----------------------
         Total | 100.0 | 100.0 |   N/A |   N/A | 100.0 |  35.0
       Dungeon | 100.0 | 100.0 |   N/A |   N/A | 100.0 |  35.0
               +-------+-------+-------+-------+-------+----------------------

Table legend: (Time is in decaauts)
 A = Elapsed time spent in this place.
 B = Non-inter-level travel time spent in this place.
 C = Inter-level travel time spent in this place.
 D = Time resting spent in this place.
 E = Time spent auto-exploring this place.
 F = Levels seen in this place.
 G = Mean time per level.
                   A        B        C        D        E       F      G
               +--------+--------+--------+--------+--------+-----+--------+
         Total |   1567 |   1553 |     14 |     14 |   1343 |   2 |  783.5 |
       Dungeon |   1567 |   1553 |     14 |     14 |   1343 |   2 |  783.5 |
               +--------+--------+--------+--------+--------+-----+--------+

Top non-repeatable levels by time:
     D:1: 1028 daAuts
     D:2: 539 daAuts
